 Dungeon Crawl Stone Soup version 0.28.0-53-g5a82cb258f (webtiles) character file.

Game seed: 14166557393720720084

16 protoss039 the Digger (level 2, 2/19 HPs)
             Began as a Demonspawn Earth Elementalist on June 15, 2022.
             Got out of the dungeon alive.
             The game lasted 00:00:50 (456 turns).

protoss039 the Digger (DsEE)                         Turns: 456, Time: 00:00:51

Health: 2/19       AC:  2    Str:  8    XL:     2   Next: 41%
Magic:  1/5        EV: 12    Int: 16    God:
Gold:   13         SH:  0    Dex: 13    Spells: 4/5 levels left

rFire   . . .      SeeInvis .   (no weapon)
rCold   . . .      Faith    .   (no shield)
rNeg    . . .      Spirit   .   b - +0 robe
rPois   .          Reflect  .   (no helmet)
rElec   .          Harm     .   (no cloak)
rCorr   .          Rampage  .   (no gloves)
Will    .....                   (no boots)
Stlth   ++........              (no amulet)
HPRegen 0.06/turn               (no ring)
MPRegen 0.09/turn               (no ring)

@: no status effects
A: demonic guardian 1
a: no special abilities


You escaped.
You visited 1 branch of the dungeon, and saw 1 of its levels.

You collected 13 gold pieces.

Inventory:

Missiles
 c - 21 stones
Armour
 b - a +0 robe (worn)


   Skills:
 + Level 2.0 Dodging
 + Level 2.0 Stealth
 + Level 2.2 Spellcasting
 + Level 1.2 Transmutations
 + Level 2.8 Earth Magic


You had 4 spell levels left.
You knew the following spells:

 Your Spells              Type           Power      Damage    Failure   Level
a - Sandblast             Erth           22%        2d7       6%          1

Your spell library contained the following spells:

 Spells                   Type           Power      Damage    Failure   Level
 Passwall                 Tmut/Erth      6%         N/A       13%         2
 Stone Arrow              Conj/Erth      12%        3d7       34%         3
 Petrify                  Tmut/Erth      8%         N/A       65%         4


Dungeon Overview and Level Annotations

Branches:
Dungeon (1/15)

Altars:

Shops:
D:1 =[


Innate Abilities, Weirdness & Mutations

A weak demonic guardian rushes to your aid.


Message History

Casting: Sandblast (safe; 6% risk of failure)
Confirm with . or Enter, or press ? or * to list all spells.
You don't have enough magic to cast this spell.
Unknown command.
You hit the goblin.
The goblin is moderately wounded.
The goblin closely misses you.
You hit the goblin.
The goblin is heavily wounded.
The goblin hits you with a +0 dagger of holy wrath.
* * * LOW HITPOINT WARNING * * *
A demonic guardian appears!
You convulse.
* * * LOW HITPOINT WARNING * * *
Unknown command.
Casting: Sandblast (safe; 6% risk of failure)
Confirm with . or Enter, or press ? or * to list all spells.
You don't have enough magic to cast this spell.
Unknown command.
Unknown command.
Casting: Sandblast (safe; 6% risk of failure)
Confirm with . or Enter, or press ? or * to list all spells.
You don't have enough magic to cast this spell.
You hit the goblin.
The goblin is severely wounded.
The goblin closely misses you.
Your white imp closely misses the goblin.
Casting: Sandblast (safe; 6% risk of failure)
Confirm with . or Enter, or press ? or * to list all spells.
You don't have enough magic to cast this spell.
You hit the goblin.
You kill the goblin!
Casting: Sandblast (safe; 6% risk of failure)
Confirm with . or Enter, or press ? or * to list all spells.
You don't have enough magic to cast this spell.
You swap places.
You see here a +0 dagger of holy wrath.
You see here a +0 spear.
There is a staircase leading out of the dungeon here.
Are you sure you want to leave the Dungeon?
This will make you lose the game!
You have escaped!

#......####
#......##.#
+......##)# #.
.#......##)## ##.
#.#......##..#
...##.#......##.##
##..#.#......##.>##
....#.#........5..#
#.........##.@..#
#.........##....#
#.........#######
#.#...g...#
####.#รท##+####
........#.#
####.##.#.##
##.......#
...........#


You could see a friendly white imp (summoned).

Vanquished Creatures
  A gnoll (D:1)
  A ball python (D:1)
  An endoplasm (D:1)
  A goblin (D:1)
  A hobgoblin (D:1)
  A bat (D:1)
  A frilled lizard (D:1)
7 creatures vanquished.

Notes
Turn   | Place    | Note
-------+----------+-------------------------------------------
     0 | D:1      | protoss039 the Demonspawn Earth Elementalist began the
                  | quest for the Orb.
     0 | D:1      | Reached XP level 1. HP: 13/13 MP: 3/3
    16 | D:1      | Found Siuhezxe's Jewellery Shoppe.
    26 | D:1      | Reached skill level 1 in Transmutations
   386 | D:1      | Found Beomn's Armour Shop.
   443 | D:1      | Gained mutation: A weak demonic guardian rushes to your
                  | aid. [demonic ancestry]
   443 | D:1      | Reached XP level 2. HP: 5/19 MP: 0/5
   456 | D:$      | Got out of the dungeon alive.

Illustrated notes

Levels and vault maps discovered:
D:1:      dpeg_arrival_long_road, layout_basic, serial_shops, shop_statue,
          nicolae_shop_statue_plus, shop, nicolae_shop_stone

Skill      XL: |  1 |
---------------+----+-----
Transmutations | 1 |  1.2
Dodging        | 2 |  2.0
Stealth        | 2 |  2.0
Spellcasting   | |  2.2
Earth Magic    | |  2.8

Action                   || total
-------------------------++-------
Melee: Unarmed           ||    14
 Cast: Sandblast         ||     9
Armor: Robe              ||     1
Dodge: Dodged            ||     9
